 Dungeon Crawl Stone Soup version 0.32-a0-842-gbbb8fdbe59 (webtiles) character file.

Game seed: 240435896954874007

401963 Ajdolov the Champion of Chaos (level 23, -20/135 HPs)
             Began as a Vine Stalker Monk on Mar 27, 2024.
             Was the Champion of Makhleb.
             Killed from afar by a frost giant (37 damage)
             ... with a bolt of cold
             ... on level 3 of the Depths.
             The game lasted 02:38:43 (49909 turns).

Ajdolov the Champion of Chaos (Vine Stalker Monk)  Turns: 49909, Time: 02:38:44

Health: -20/135    AC: 28    Str: 34    XL:     23   Next: 32%
Magic:  0/59       EV: 12    Int: 15    God:    Makhleb [******]
Gold:   2010       SH:  5    Dex: 21    Spells: 22/22 levels left

rFire   + . .        K - +7 lajatang (flame)
rCold   . . .        (shield currently unavailable)
rNeg    . . .        D - +7 chain mail "Vecohax" {Str+3 Int+2}
rPois   .            y - +0 helmet
rElec   .            M - +2 cloak {rCorr}
rCorr   +            Z - +1 pair of gloves of Baj Jeeq {MP+9 Int+3 Stlth+}
SInv    .            H - +2 pair of boots
Will    +++..        W - amulet of reflection Stlth
                     k - ring of Xudded {rF+ MP+9 Str+6 Dex+4}
HPRegen 1.22/turn    S - ring of willpower
MPRegen 0.36/turn

%: reflection, guardian spirit
@: corroded, studying Long Blades
A: fangs 3, regeneration 1, magic shield, antimagic bite, no potion heal 2
}: 2/15 runes: serpentine, barnacled
a: Renounce Religion, Minor Destruction, Lesser Servant of Makhleb, Major
Destruction, Greater Servant of Makhleb


You were on level 3 of the Depths.
You worshipped Makhleb.
Makhleb was exalted by your worship.
You visited 9 branches of the dungeon, and saw 42 of its levels.
You also visited: Gauntlet and Ice Cave.

You collected 5416 gold pieces.
You spent 3406 gold pieces at shops.

Inventory:

Hand Weapons
 K - a +7 lajatang of flaming (weapon)
Missiles
 C - 11 curare-tipped darts
 O - 4 throwing nets
Armour
 d - a +3 plate armour of cold resistance
 y - a +0 helmet (worn)
 D - the +7 chain mail "Vecohax" (worn) {Str+3 Int+2}
   (You bought it in a shop on level 10 of the Dungeon)

   Str+3:     It affects your strength (+3).
   Int+2:     It affects your intelligence (+2).
 H - a +2 pair of boots (worn)
 M - a +2 cloak of preservation (worn)
 Z - the +1 pair of gloves of Baj Jeeq (worn) {MP+9 Int+3 Stlth+}
   (You acquired it on level 15 of the Dungeon)

   Int+3:     It affects your intelligence (+3).
   MP+9:      It affects your magic capacity (+9).
   Stlth+:    It makes you more stealthy.
Jewellery
 k - the ring of Xudded (left hand) {rF+ MP+9 Str+6 Dex+4}
   (You bought it in a shop on level 2 of the Orcish Mines)

   [ring of strength]

   Str+6:     It affects your strength (+6).
   Dex+4:     It affects your dexterity (+4).
   rF+:       It protects you from fire.
   MP+9:      It affects your magic capacity (+9).
 n - a ring of flight
 I - a ring of poison resistance
 Q - a ring of see invisible
 S - a ring of willpower (right hand)
 V - a ring of resist corrosion
 W - an amulet of reflection (around neck)
 X - a ring of ice
Wands
 a - a wand of paralysis (33)
 p - a wand of flame (102)
 w - a wand of acid (11)
 B - a wand of mindburst (22)
 E - a wand of digging (16)
 U - a wand of iceblast (12)
 Y - a wand of polymorph (12)
Scrolls
 b - 6 scrolls of revelation
 e - 7 scrolls of immolation
 g - 2 scrolls of enchant armour
 i - 2 scrolls of silence
 l - 5 scrolls of fear
 m - a scroll of brand weapon
 q - 9 scrolls of teleportation
 r - 2 scrolls of blinking
 u - 4 scrolls of poison
 x - 2 scrolls of torment
 A - 2 scrolls of summoning
 F - 9 scrolls of vulnerability
 G - 8 scrolls of fog
 N - 3 scrolls of noise
Potions
 c - 2 potions of ambrosia
 f - 5 potions of berserk rage
 h - 15 potions of curing
 j - 9 potions of attraction
 o - 3 potions of resistance
 s - 11 potions of enlightenment
 v - 4 potions of mutation
 z - 3 potions of haste
 J - 3 potions of cancellation
 L - 2 potions of invisibility
 P - 3 potions of lignification
 R - 6 potions of might
 T - a potion of magic
Miscellaneous
 t - a phantom mirror (inert)


   Skills:
 * Level 19.2 Fighting
 - Level 13.3(14.9) Maces & Flails
 - Level 11.3(14.0) Staves
 + Level 12.6 Armour
 - Level 5.0 Dodging
 * Level 26.0 Invocations
 - Level 10.0 Evocations


You had 22 spell levels left.
You didn't know any spells.
Your spell library contained the following spells:

 Spells                   Type           Power      Damage    Failure   Level
 Apportation              Tloc           0%         N/A       56%         1
 Freeze                   Ice            0%         1d3       56%         1
 Kiss of Death            Conj/Necr      0%         2d5       56%         1
 Magic Dart               Conj           0%         1d3       56%         1
 Necrotise                Necr           0%         1d4       56%         1
 Shock                    Conj/Air       0%         1d3       56%         1
 Slow                     Hex            0%         N/A       56%         1
 Sting                    Conj/Alch      0%         1d3       56%         1
 Summon Small Mammal      Summ           0%         N/A       56%         1
 Blink                    Tloc           0%         N/A       71%         2
 Call Imp                 Summ           0%         N/A       71%         2
 Cigotuvi's Dreadful Rot  Necr/Alch/Air  0%         N/A       71%         2
 Ensorcelled Hibernation  Hex/Ice        0%         N/A       71%         2
 Jinxbite                 Hex            0%         N/A       71%         2
 Momentum Strike          Conj/Tloc      0%         3d8       71%         2
 Searing Ray              Conj           0%         2d4       71%         2
 Confusing Touch          Hex            0%         N/A       91%         3
 Frozen Ramparts          Ice            0%         1d1       91%         3
 Fugue of the Fallen      Necr           0%         N/A       91%         3
 Hailstorm                Conj/Ice       0%         3d5       91%         3
 Inner Flame              Hex/Fire       0%         N/A       91%         3
 Mephitic Cloud           Conj/Alch/Air  0%         N/A       91%         3
 Ozocubu's Armour         Ice            0%         N/A       91%         3
 Stone Arrow              Conj/Erth      0%         3d7       91%         3
 Summon Ice Beast         Ice/Summ       0%         N/A       91%         3
 Swiftness                Air            0%         N/A       91%         3
 Teleport Other           Tloc           0%         N/A       91%         3
 Tukima's Dance           Hex            0%         N/A       91%         3
 Vampiric Draining        Necr           0%         2d6       91%         3
 Volatile Blastmotes      Fire/Tloc      0%         2d10      91%         3
 Airstrike                Air            0%         2d(0-16)  100%        4
 Anguish                  Hex/Necr       0%         N/A       100%        4
 Animate Armour           Summ/Erth      0%         N/A       100%        4
 Dimensional Bullseye     Hex/Tloc       0%         N/A       100%        4
 Dispel Undead            Necr           0%         3d6       100%        4
 Flame Wave               Conj/Fire      0%         2d4       100%        4
 Fulminant Prism          Conj/Alch      0%         3d5       100%        4
 Ignite Poison            Fire/Alch      0%         N/A       100%        4
 Iskenderun's Mystic Bla  Conj/Tloc      0%         2d3       100%        4
 Martyr's Knell           Necr/Summ      0%         N/A       100%        4
 Passage of Golubria      Tloc           0%         N/A       100%        4
 Summon Blazeheart Golem  Fire/Summ      0%         N/A       100%        4
 Vhi's Electric Charge    Tloc/Air       0%         N/A       100%        4
 Alistair's Intoxication  Alch           0%         N/A       100%        5
 Curse of Agony           Necr           0%         N/A       100%        5
 Freezing Cloud           Conj/Ice/Air   0%         6-21      100%        5
 Irradiate                Conj/Alch      0%         3d11      100%        5
 Metabolic Englaciation   Hex/Ice        0%         N/A       100%        5
 Silence                  Hex/Air        0%         N/A       100%        5
 Summon Forest            Summ/Tloc      0%         N/A       100%        5
 Yara's Violent Unravell  Hex/Alch       0%         3d3       100%        5
 Dispersal                Tloc           0%         N/A       100%        6
 Permafrost Eruption      Ice/Erth       0%         2x4d2     100%        6
 Sculpt Simulacrum        Ice/Alch       0%         N/A       100%        6
 Orb of Destruction       Conj           0%         9d5       100%        7
 Spellforged Servitor     Conj/Summ      0%         N/A       100%        7
 Ignition                 Fire           0%         3d3       100%        8
 Lehudib's Crystal Spear  Conj/Erth      0%         10d2      100%        8
 Fire Storm               Conj/Fire      0%         5d1       100%        9


Dungeon Overview and Level Annotations

Branches:
Dungeon (15/15)            Temple (1/1) D:4            Lair (5/5) D:11
 Shoals (4/4) Lair:2        Snake (4/4) Lair:2        Slime (0/5) Lair:4
    Orc (2/2) D:10            Elf (3/3) Orc:2        Vaults (4/5) D:13
  Crypt (0/3) Vaults:2     Depths (4/4) D:15            Zot (0/5) Depths:4
  IceCv (visited)         Gauntlet (visited)

Altars:
Ashenzari
Cheibriados
Dithmenos
Elyvilon
Fedhas
Gozag
Hepliaklqana
Kikubaaqudgha
Makhleb
Nemelex Xobeh
Okawaru
Qazlal
Ru
Sif Muna
Trog
Uskayaw
Vehumet
Wu Jian
Xom
Yredelemnul
Zin
The Shining One
Jiyva

Shops:
D:5 ?   D:10 [   D:11 (   D:12 !([:[   D:15 (   Orc:2 *[(*:   Elf:3 !
Shoals:3 !   Snake:2 ?   Snake:3 (!   Snake:4 :   Vaults:1 (   Vaults:4 (

Portals:
Hell: Depths:1 Depths:2
Abyss: Depths:1 Depths:2
Pandemonium: Depths:2
Ziggurat: Depths:3

Annotations:
D:6 3 runed translucent doors, flt's ghost, weakling FoDe
D:11 1 runed translucent door
Lair:4 2 transporters, voshxx's ghost, journeyman TrSh
Shoals:2 3 runed translucent doors
Shoals:3 exclusion: downstairs
Elf:2 3 runed translucent doors
Elf:3 exclusion: 10 doors
Depths:1 exclusions: 2 hell hogs, hell knight and 1 more exclusion
Depths:2 exclusion: 2 downstairs
Depths:4 1 exclusion, Josephina


Innate Abilities, Weirdness & Mutations

You have razor-sharp teeth.
Your natural rate of healing is unusually fast.
When hurt, damage is shared between your health and your magic reserves.
Your bite disrupts and absorbs the magic of your enemies.
Potions cannot restore your health.


Message History

Unknown command.
Josephina attacks as she pursues you! Josephina completely misses you.
Josephina touches you but does no damage.
Unknown command.
Your surroundings suddenly seem different.
Found 12 gold pieces.
Found 6 stones.
Found a stone staircase leading up.
A storm dragon comes into view.
The storm dragon roars deafeningly!
The storm dragon breathes lightning at you.
The bolt of lightning hits you!
You hear a shout!
You hear a roar!
You hear a deafening roar!
You hear a shout! x4
Found 32 gold pieces.
The storm dragon breathes lightning at you.
The bolt of lightning misses you.
You hear a shout!
There is a stone staircase leading up here.
You climb upwards.
The necromancer shouts!
The frost giant shouts!
The fire dragon roars deafeningly!
The frost giant shouts!
The tengu reaver shouts!
The tengu reaver casts a spell at you. The bolt of acid hits you!! You resist.
The acid corrodes you!
The ice dragon bites you but does no damage.
The ice dragon claws you but does no damage.
The ice dragon tramples you but does no damage.
The necromancer gestures wildly while chanting.
The necromancer binds the souls of nearby monsters.
The fire dragon bites you but does no damage.
You block the fire dragon's attack. The fire dragon tramples you!
* * * LOW HITPOINT WARNING * * *
You hold your ground!
The frost giant gestures at you while chanting.
The bolt of cold hits you!!
* * * LOW HITPOINT WARNING * * *
The frost giant casts a spell at you.
The bolt of cold hits the juggernaut skeleton!
The juggernaut skeleton resists.
The bolt of cold hits you!!!
You die...

###########
#........<#
#.........#
#.)C.....∩#
#.........#
#.....Z.Z.#
##.<.......#
##......pZ..#
#..Q..^.@Z.C.#
#....C..DDZ...#
#...........####
#.....≈.....#
#....≈≈≈....#
#...≈≈∩§≈...#
..≈≈≈!...#
...≈.....#


You could see 3 frost giants, a fire dragon (soul bound), an ice dragon (soul
bound), a tengu reaver (soul bound, repels missiles, reflecting), a necromancer,
a storm dragon zombie, a glowing shapeshifter zombie, a juggernaut zombie, a
tengu reaver skeleton and a juggernaut skeleton.

Vanquished Creatures
  Vv (Depths:4)
  Boris (Vaults:3)
  Margery (Vaults:2)
  Saint Roka (Vaults:2)
  Norris (Vaults:2)
  A walking crystal tome (Depths:2)
  Polyphemus (Shoals:3)
  A titan (Vaults:4)
  Gastronok (Lair:3)
  A kraken (Shoals:3)
  A searing wretch (Vaults:2)
  9 sphinxes
  A storm dragon (Shoals:4)
  Donald (Vaults:1)
  5 fire giants
  2 tengu reavers
  Aizul (Snake:1)
  3 frost giants (Depths:2)
  6 nagarajas
  10 vault wardens
  A balrug (D:15)
  A deep elf elementalist (Elf:3)
  17 ironbound preservers
  8 stone giants
  A spriggan defender (Depths:4)
  7 ironbound thunderhulks
  The ghost of Datibyd the Earth Mage, a journeyman GrEE of Sif Muna (Shoals:3)
  2 very ugly things (IceCv)
  A deep elf demonologist (Elf:2)
  Azrael (Elf:1)
  3 war gargoyles
  7 dire elephants
  A minotaur (Gauntlet)
  A jiangshi (Vaults:2)
  4 merfolk javelineers (Shoals:4)
  6 ettins
  10 yaktaur captains
  2 fire dragons
  7 merfolk impalers
  An entropy weaver (shapeshifter) (D:15)
  5 rakshasas
  6 great orbs of eyes
  2 deep elf high priests
  Fannar (Lair:2)
  2 peacekeepers
  An entropy weaver (Vaults:3)
  13 vault guards
  4 caustic shrike simulacra (IceCv)
  3 spriggan air magi
  6 hydras
  5 salamander tyrants
  2 alligator snapping turtles
  A catoblepas (Shoals:3)
  8 ironbound frosthearts
  5 ice dragons
  2 merfolk avatars
  2 two-headed ogres (D:12)
  15 dancing weapons
  4 anacondas
  7 boulder beetles
  18 centaur warriors
  A satyr (Shoals:4)
  4 merfolk aquamancers (Shoals:4)
  2 vampire magi
  7 death yaks
  3 deep troll earth magi (Depths:2)
  11 naga sharpshooters
  A spriggan berserker (Depths:2)
  A hell hog (Lair:5)
  3 tengu warriors
  A deep troll shaman (Depths:2)
  2 shock serpents
  4 occultists
  6 orc high priests
  3 soul eaters
  23 hell knights
  3 sun demons
  Nergalle (Lair:1)
  8 naga warriors
  10 deep elf knights
  8 salamander mystics
  A sixfirhy (Depths:1)
  9 skysharks
  A spriggan rider (Depths:4)
  An iron troll (Depths:2)
  9 sea snakes
  A skeletal warrior (Vaults:2)
  A spark wasp zombie (Depths:2)
  43 deep trolls
  7 glowing orange brains
  7 mana vipers
  2 orange crystal statues (IceCv)
  2 flayed ghosts
  2 obsidian statues (Depths:1)
  A shadow demon (Depths:2)
  12 arcanists
  6 naga ritualists
  2 thermic dynamos (Elf:1)
  14 deep elf archers
  17 ironbound convokers
  8 orc knights
  2 phantasmal warriors
  6 necromancers
  10 lindwurms
  34 harpies
  13 deep elf pyromancers
  24 deep elf zephyrmancers
  46 ugly things
  9 orc sorcerers
  11 fauns
  15 salamanders
  A frost giant skeleton (Vaults:2)
  6 cyclopes
  12 manticores
  A human skeleton (Vaults:2)
  Joseph (D:8)
  10 merfolk sirens
  6 kobold blastminers
  20 vault sentinels
  14 elephants
  2 guardian serpents
  25 black mambas
  10 water nymphs
  3 rust devils (Depths:1)
  An elf zombie (Vaults:2)
  14 naga magi
  2 smoke demons
  A minotaur zombie (Gauntlet)
  2 orange demons (Depths:1)
  15 cane toads
  A hellion (Depths:2)
  10 komodo dragons
  35 yaktaurs
  2 rime drakes
  3 ice devils (Depths:1)
  3 freezing wraiths (IceCv)
  A golden dragon simulacrum (IceCv)
  2 anaconda simulacra (IceCv)
  14 merfolk
  2 red devils (Depths:1)
  9 polar bears (Lair:5)
  A hellwing (Depths:1)
  A hornet (D:8)
  3 trolls
  Grinder (D:4)
  14 wind drakes
  A glass eye (Depths:2)
  A tengu simulacrum (Depths:2)
  A hornet (shapeshifter) (Elf:1)
  7 blink frogs
  18 dream sheep
  13 snapping turtles
  A glass eye (shapeshifter) (Vaults:3)
  8 air elementals
  A fire giant simulacrum (Depths:2)
  A ynoxinul (Depths:1)
  19 slime creatures
  A jumping spider (shapeshifter) (D:15)
  A shadow (D:10)
  5 wyverns
  14 water elementals
  A yak (shapeshifter) (D:15)
  7 fire elementals
  55 yaks
  4 wraiths
  2 fire bats
  6 basilisks
  6 wargs
  4 vampire mosquitoes
  A redback (Vaults:3)
  A naga (shapeshifter) (Elf:2)
  18 nagas
  13 water moccasins
  A hydra simulacrum (IceCv)
  2 acid dragons
  3 harpy simulacra (IceCv)
  A swamp worm (shapeshifter) (Vaults:4)
  21 hell hounds
  20 orc warriors
  13 black bears
  2 sky beasts (D:7)
  4 ice beasts
  4 laughing skulls
  An ettin simulacrum (IceCv)
  8 ogres
  18 wolves
  23 centaurs
  A phantom (D:4)
  5 kobold brigands
  A gnoll sergeant (D:8)
  An earth elemental (Elf:1)
  12 bullfrogs
  3 scorpions
  A wight (D:7)
  2 lindwurm simulacra (IceCv)
  18 killer bees
  6 howler monkeys
  3 bombardier beetles
  3 electric eels
  A gnoll bouda (D:7)
  9 hounds
  4 jellies
  19 orc priests
  4 iguanas
  Natasha (thrice) (D:4)
  16 orc wizards
  14 hell rats
  6 adders
  8 gnolls
  A river rat (shapeshifter) (D:15)
  5 shadow imps
  3 white imps
  7 dart slugs
  A ribbon worm (D:2)
  51 orcs
  7 ball pythons
  4 bats
  5 endoplasms
  A giant cockroach (D:1)
  6 goblins
  3 hobgoblins
  12 jackals
  24 kobolds
  4 quokkas
  5 frilled lizards
  7 rats
  5 tentacles (Shoals:3)
1531 creatures vanquished.

Vanquished Creatures (collateral kills)
  Nikola (Snake:2)
  Rupert (D:13)
  A nagaraja (Snake:2)
  Ilsuiw (Shoals:2)
  2 ironbound preservers
  Nessos (Lair:4)
  3 centaur warriors
  2 merfolk aquamancers (Shoals:2)
  2 naga sharpshooters (Snake:2)
  2 naga warriors (Snake:2)
  A salamander mystic (Snake:2)
  An arcanist (Vaults:2)
  2 naga ritualists (Snake:2)
  5 harpies
  2 orc knights
  An ironbound convoker (Vaults:2)
  2 salamanders (Snake:2)
  3 oklob plants (Lair:4)
  5 fauns
  2 merfolk sirens
  5 black mambas (Snake:2)
  3 naga magi (Snake:2)
  A cane toad (Lair:4)
  An anaconda simulacrum (IceCv)
  A troll (D:13)
  3 merfolk (Shoals:2)
  A wind drake (Shoals:1)
  4 blink frogs (Lair:4)
  A snapping turtle (Shoals:2)
  5 slime creatures (D:13)
  A yak (D:10)
  5 water elementals (Shoals:2)
  A dire elephant simulacrum (IceCv)
  13 nagas (Snake:2)
  A hydra simulacrum (IceCv)
  An orc warrior (Vaults:2)
  An ogre (shapeshifter) (D:13)
  3 centaurs (D:13)
  2 howler monkeys (D:10)
  An orc wizard (Vaults:2)
  3 orcs (Vaults:2)
97 creatures vanquished.

Vanquished Creatures (others)
  A ynoxinul (Depths:1)
  An orc priest (D:7)
  31 tentacles (Shoals:3)
33 creatures vanquished.

Grand Total: 1661 creatures vanquished

Notes
Turn   | Place    | Note
-------+----------+-------------------------------------------
     0 | D:1      | Ajdolov the Vine Stalker Monk began the quest for the Orb.
     0 | D:1      | Reached XP level 1. HP: 11/11 MP: 2/2
   126 | D:1      | Reached XP level 2. HP: 13/16 MP: 0/3
   444 | D:1      | Reached XP level 3. HP: 16/21 MP: 4/4
   964 | D:2      | Reached XP level 4. HP: 23/26 MP: 3/5
  1399 | D:2      | Reached skill level 5 in Fighting
  1510 | D:3      | Found a faded altar of an unknown god.
  1611 | D:3      | Reached XP level 5. HP: 30/30 MP: 6/6
  1618 | D:3      | Found a faded altar of an unknown god.
  1626 | D:3      | Found a blossoming altar of Fedhas.
  1756 | D:3      | Found a glowing silver altar of Zin.
  1773 | D:3      | Found a white marble altar of Elyvilon.
  1873 | D:3      | Found a basalt altar of Yredelemnul.
  1886 | D:3      | Found a bloodstained altar of Trog.
  2250 | D:4      | Noticed Grinder
  2251 | D:4      | Paralysed by Grinder for 3 turns
  2270 | D:4      | Paralysed by Grinder for 4 turns
  2288 | D:4      | Paralysed by Grinder for 2 turns
  2292 | D:4      | Killed Grinder
  2293 | D:4      | Reached skill level 5 in Maces & Flails
  2293 | D:4      | Reached XP level 6. HP: 35/35 MP: 5/7
  2350 | D:4      | Found a staircase to the Ecumenical Temple.
  2356 | Temple   | Entered the Ecumenical Temple
  2362 | Temple   | Became a worshipper of Makhleb the Destroyer
  2362 | Temple   | Reached * piety under Makhleb
  2362 | Temple   | Reached ** piety under Makhleb
  2383 | D:4      | Found an opulent altar of Gozag.
  2386 | D:4      | Noticed Natasha
  2389 | D:4      | Killed Natasha
  2390 | D:4      | Reached XP level 7. HP: 39/39 MP: 8/8
  2429 | D:4      | Identified the beast talisman "Jucyatoide" {rCorr}
  2523 | D:4      | Reached skill level 1 in Invocations
  2635 | D:4      | Found a stormy altar of Qazlal.
  2684 | D:4      | Found a sparkling altar of Nemelex Xobeh.
  3227 | D:4      | Noticed Natasha
  3230 | D:4      | Killed Natasha
  3233 | D:4      | Noticed Natasha
  3238 | D:4      | Killed Natasha
  3323 | D:5      | Entered Level 5 of the Dungeon
  3338 | D:4      | Reached skill level 2 in Invocations
  3408 | D:4      | Gained mutation: You have razor-sharp teeth. [Vine Stalker
                  | growth]
  3408 | D:4      | Reached XP level 8. HP: 36/43 MP: 9/11
  3428 | D:5      | Reached skill level 3 in Invocations
  3589 | D:5      | Found Olyhitip's Magic Scroll Shop.
  3598 | D:5      | Bought a scroll of blinking for 90 gold pieces
  3598 | D:5      | Bought 2 scrolls of identify for 48 gold pieces
  3598 | D:5      | Bought a scroll of fear for 48 gold pieces
  3598 | D:5      | Bought a scroll of enchant armour for 90 gold pieces
  3985 | D:6      | Reached skill level 4 in Invocations
  4020 | D:6      | Found a sacrificial altar of Ru.
  4084 | D:6      | Reached *** piety under Makhleb
  4120 | D:6      | Found a runed translucent gate.
  4120 | D:6      | Found a runed translucent gate.
  4120 | D:6      | Found a runed translucent gate.
  4121 | D:6      | Noticed flt's ghost (weakling FoDe)
  4350 | D:6      | Reached skill level 10 in Maces & Flails
  4538 | D:6      | Reached XP level 9. HP: 36/47 MP: 10/13
  4711 | D:7      | Reached skill level 5 in Invocations
  5009 | D:7      | Found an ancient bone altar of Kikubaaqudgha.
  5158 | D:7      | Reached skill level 6 in Invocations
  5220 | D:7      | Reached skill level 7 in Invocations
  5427 | D:7      | Reached skill level 8 in Invocations
  5490 | D:7      | Reached XP level 10. HP: 51/51 MP: 17/17
  5515 | D:7      | Reached **** piety under Makhleb
  5706 | D:7      | Reached skill level 9 in Invocations
  5776 | D:7      | Noticed a manticore
  5793 | D:7      | Killed a manticore
  6012 | D:8      | Noticed Joseph
  6019 | D:7      | Reached skill level 10 in Invocations
  6121 | D:8      | Found a shimmering altar of Xom.
  6656 | D:8      | Killed Joseph
  6657 | D:8      | Reached skill level 11 in Invocations
  6930 | D:9      | Reached ***** piety under Makhleb
  7323 | D:9      | Reached skill level 12 in Invocations
  7596 | D:9      | Reached XP level 11. HP: 45/55 MP: 15/21
  7807 | D:10     | Entered Level 10 of the Dungeon
  7827 | D:10     | Noticed a green ugly thing
  7838 | D:10     | Killed a green ugly thing
  8270 | D:10     | Found a hide-covered altar of Uskayaw.
  8556 | D:10     | Found Riatut's Armour Boutique.
  8556 | D:10     | Found a staircase to the Orcish Mines.
  8566 | D:10     | Bought the +7 chain mail "Vecohax" {Str+3 Int+2} for 741
                  | gold pieces
  8805 | D:10     | Noticed a white ugly thing
  8815 | D:10     | Killed a white ugly thing
  8970 | D:11     | Noticed a storm dragon
  8970 | D:11     | Noticed a skyshark
  8970 | D:11     | Noticed a stone giant
  8970 | D:11     | a skyshark changed into a snapping turtle
  8971 | D:11     | Noticed a deep elf archer
  8971 | D:11     | Found a runed translucent door.
  8973 | D:11     | Noticed a fire dragon
  8973 | D:11     | Noticed an ettin
  8973 | D:11     | Noticed an ice dragon
  8973 | D:11     | Noticed an ice dragon
  8973 | D:11     | Found the +3 crown of Dyrovepreva {rElec Int+2 SInv}
  9034 | D:11     | Found Mezxus's Hydra Hut.
  9072 | D:11     | Noticed an eight-headed hydra
  9236 | D:11     | Reached skill level 1 in Staves
  9264 | D:11     | Found a staircase to the Lair.
  9757 | D:11     | Noticed a death drake
  9757 | D:11     | a death drake changed into a water nymph
  9790 | D:12     | Found Fehotastro's Antique Weapon Emporium.
  9896 | D:12     | Noticed a cyclops
  9919 | D:12     | Killed a cyclops
 10008 | D:12     | Reached XP level 12. HP: 40/62 MP: 22/22
 10166 | D:12     | Reached skill level 5 in Staves
 10183 | D:12     | Noticed a two-headed ogre
 10192 | D:12     | Killed a two-headed ogre
 10200 | D:12     | Found Cokosec's Book Emporium.
 10208 | D:12     | Noticed a two-headed ogre
 10218 | D:12     | Killed a two-headed ogre
 10238 | D:12     | Found Efirof's Antique Armour Shop.
 10399 | D:12     | Found Zeuvun's Antique Armour Shop.
 10490 | D:12     | Found Hapnimyc's Distillery.
 10749 | Orc:1    | Entered Level 1 of the Orcish Mines
 10914 | Orc:2    | Entered Level 2 of the Orcish Mines
 11140 | Lair:1   | Entered Level 1 of the Lair of Beasts
 11499 | Lair:1   | Reached ****** piety under Makhleb
 11573 | Lair:1   | Noticed Nergalle
 11588 | Lair:1   | Killed Nergalle
 12197 | Lair:2   | Noticed a seven-headed hydra
 12289 | Lair:2   | Killed a seven-headed hydra
 12290 | Lair:2   | Reached XP level 13. HP: 60/69 MP: 19/23
 12400 | Lair:2   | Noticed Fannar
 12411 | Lair:2   | Killed Fannar
 12494 | Lair:2   | Found a staircase to the Snake Pit.
 12616 | Lair:2   | Found a staircase to the Shoals.
 12798 | Lair:2   | Reached skill level 10 in Staves
 13170 | Lair:3   | Noticed Gastronok
 13219 | Lair:3   | Killed Gastronok
 13860 | Lair:3   | Reached skill level 13 in Invocations
 14309 | Lair:4   | Reached skill level 10 in Fighting
 14431 | D:11     | Bought a +0 lajatang of flaming for 464 gold pieces
 14587 | Lair:4   | Found a transporter.
 14590 | Lair:4   | Noticed voshxx's ghost (journeyman TrSh)
 14605 | Lair:4   | Found a transporter.
 14613 | Lair:4   | Found a viscous altar of Jiyva.
 14970 | Lair:4   | Noticed Nessos
 14978 | Lair:4   | Killed Nessos
 14979 | Lair:4   | Reached skill level 14 in Invocations
 14979 | Lair:4   | Reached XP level 14. HP: 59/77 MP: 19/25
 15021 | Lair:4   | Found a burning altar of Makhleb.
 15117 | Lair:4   | Found a staircase to the Slime Pits.
 15565 | D:13     | Noticed an ironbound preserver
 15565 | D:13     | Noticed Rupert
 15742 | D:13     | Reached skill level 1 in Armour
 15843 | D:13     | Paralysed by Rupert for 3 turns
 15850 | D:13     | Killed an ironbound preserver
 15853 | D:13     | Killed Rupert
 15871 | D:13     | Found a gate to the Vaults.
 16042 | D:13     | Identified the +7 trident "Jellyslayer" {heavy, *Rage
                  | *Corrode rPois Str+8}
 16341 | D:14     | Reached skill level 15 in Invocations
 16343 | D:14     | Found a gate leading to a gauntlet.
 16350 | Gauntlet | Entered a Gauntlet
 16350 | Gauntlet | Found a transporter.
 16359 | Gauntlet | Found a transporter.
 16376 | Gauntlet | Found a transporter.
 16380 | Gauntlet | Found a transporter.
 16401 | Gauntlet | Found a transporter.
 16414 | Gauntlet | Found a transporter.
 16424 | Gauntlet | Noticed a dire elephant
 16428 | Gauntlet | Found a transporter.
 16455 | Gauntlet | Found a transporter.
 16455 | Gauntlet | Found a transporter.
 16461 | Gauntlet | Found a transporter.
 16485 | Gauntlet | Found a transporter.
 16488 | Gauntlet | Found a transporter.
 16882 | Gauntlet | Identified the +1 hand axe "Jouh" {drain, Will+ Str+2}
 16982 | D:14     | Identified the +5 whip of Excruciating Pain {drain, *Noise
                  | rF+ Str+4}
 17543 | D:12     | Bought a pair of glowing gloves for 232 gold pieces
 17626 | D:15     | Entered Level 15 of the Dungeon
 17721 | D:15     | Found a sacrificial altar of Ru.
 17812 | D:15     | Found Nimi's Weapon Shop.
 18302 | D:15     | Reached XP level 15. HP: 80/82 MP: 27/27
 18646 | D:15     | Reached skill level 16 in Invocations
 18687 | D:15     | Found a staircase to the Depths.
 18935 | Orc:2    | Found a staircase to the Elven Halls.
 19184 | Orc:2    | Found Lagush's Assorted Antiques.
 19200 | Orc:2    | Bought a smoking ivory ring for 165 gold pieces
 19200 | Orc:2    | Identified the ring of Xudded {rF+ MP+9 Str+6 Dex+4} (You
                  | bought it in a shop on level 2 of the Orcish Mines)
 19200 | Orc:2    | Bought a scroll of enchant weapon for 247 gold pieces
 19564 | Orc:1    | You fall into a shaft and drop 1 floor!
 19761 | Orc:2    | Found Jaorus's Book Shoppe.
 19869 | Orc:2    | Found Jaicach's Assorted Antiques.
 19876 | Orc:2    | Bought a scroll of teleportation for 99 gold pieces
 19876 | Orc:2    | Found Tecw's Antique Weapon Boutique.
 19878 | Orc:2    | Found Toiwn's Antique Armour Shoppe.
 20228 | Lair:5   | Entered Level 5 of the Lair of Beasts
 20463 | Lair:5   | Reached skill level 5 in Armour
 20542 | Lair:5   | Got Sif Muna's Codex of the Onion
 21071 | Lair:5   | Reached skill level 1 in Evocations
 21100 | Lair:5   | Reached skill level 17 in Invocations
 21196 | Lair:5   | Reached XP level 16. HP: 91/91 MP: 29/29
 21638 | Shoals:1 | Entered Level 1 of the Shoals
 21998 | Shoals:1 | Found a glacial archway.
 22045 | IceCv    | Entered an ice cave
 22396 | IceCv    | Reached skill level 18 in Invocations
 22554 | IceCv    | Got Myce's Notes on Displaced Combustion
 23568 | Shoals:2 | Noticed Ilsuiw
 23753 | Shoals:2 | Killed Ilsuiw
 23771 | Shoals:2 | Reached XP level 17. HP: 98/98 MP: 31/31
 23774 | Shoals:2 | Reached skill level 5 in Evocations
 23813 | Shoals:2 | Found a runed translucent gate.
 23814 | Shoals:2 | Found a runed translucent gate.
 23816 | Shoals:2 | Found a runed translucent gate.
 23948 | Shoals:2 | Reached skill level 15 in Fighting
 24324 | Shoals:2 | Got Tecad's Tome of the Blink Frog and Phantasms
 24494 | Shoals:3 | Found a runed translucent door.
 24498 | Shoals:3 | Noticed Datibyd's ghost (journeyman GrEE)
 24595 | Shoals:3 | Reached skill level 19 in Invocations
 24721 | Shoals:3 | Noticed a kraken
 24838 | Shoals:3 | Killed a kraken
 25041 | Shoals:3 | Noticed Polyphemus
 25058 | Shoals:3 | Killed Polyphemus
 25143 | Shoals:3 | Found Kesostiz's Distillery.
 25145 | Shoals:3 | Bought a potion of haste for 210 gold pieces
 25145 | Shoals:3 | Bought a potion of might for 84 gold pieces
 25145 | Shoals:3 | Bought a potion of resistance for 210 gold pieces
 25572 | Shoals:3 | Killed Datibyd's ghost
 25579 | Shoals:3 | Got the Anthology of Rime
 25705 | Snake:1  | Entered Level 1 of the Snake Pit
 25800 | Snake:1  | Identified the serpent talisman of Vehumet's Wrath {rC++
                  | Str+3}
 25800 | Snake:1  | Noticed Aizul
 25815 | Snake:1  | Killed Aizul
 27472 | Snake:2  | Noticed Nikola
 27486 | Snake:2  | Killed Nikola
 27487 | Snake:2  | Reached skill level 20 in Invocations
 28046 | Snake:2  | Reached XP level 18. HP: 104/104 MP: 33/33
 28251 | Snake:2  | Found Lipiqioj's Magic Scroll Shop.
 28255 | Snake:2  | Bought a scroll of teleportation for 45 gold pieces
 28255 | Snake:2  | Bought 3 scrolls of fog for 180 gold pieces
 28633 | Snake:3  | Found Bacwyr's Antique Weapon Shoppe.
 28637 | Snake:3  | Found Peqaz's Distillery.
 28644 | Snake:3  | Bought 2 potions of might for 80 gold pieces
 28644 | Snake:3  | Bought a potion of invisibility for 80 gold pieces
 30273 | Elf:1    | Entered Level 1 of the Elven Halls
 30286 | Elf:1    | Reached skill level 21 in Invocations
 30426 | Elf:1    | Paralysed by an air elemental for 1 turns
 30545 | Elf:1    | Paralysed by a hornet for 1 turns
 30875 | Elf:1    | Noticed Azrael
 30893 | Elf:1    | Killed Azrael
 32298 | Elf:2    | Found a runed translucent gate.
 32298 | Elf:2    | Found a runed translucent gate.
 32299 | Elf:2    | Found a runed translucent gate.
 32727 | Elf:3    | Entered Level 3 of the Elven Halls
 32732 | Elf:3    | Reached XP level 19. HP: 108/108 MP: 34/34
 33158 | Elf:3    | Found an ancient bone altar of Kikubaaqudgha.
 33211 | Elf:3    | Paralysed by an air elemental for 1 turns
 33214 | Elf:3    | Paralysed by an air elemental for 1 turns
 33445 | Elf:3    | Found Vueffisa's Distillery.
 33993 | Shoals:4 | Entered Level 4 of the Shoals
 34006 | Shoals:4 | Paralysed by an air elemental for 1 turns
 34018 | Shoals:4 | Paralysed by an air elemental for 1 turns
 34173 | Shoals:4 | Paralysed by an air elemental for 1 turns
 34198 | Shoals:4 | Paralysed by an air elemental for 1 turns
 34307 | Shoals:4 | Reached skill level 5 in Dodging
 34307 | Shoals:4 | Reached skill level 22 in Invocations
 34375 | Shoals:4 | Paralysed by an air elemental for 1 turns
 34566 | Shoals:4 | Paralysed by an air elemental for 1 turns
 34570 | Shoals:4 | Paralysed by an air elemental for 1 turns
 34586 | Shoals:4 | Identified the +1 buckler of Gravitas {rPois rC+}
 35339 | Shoals:4 | Paralysed by an air elemental for 1 turns
 35751 | Shoals:4 | Got a barnacled rune of Zot
 36048 | Snake:4  | Entered Level 4 of the Snake Pit
 36507 | Snake:4  | Found Apros's Tiny Tomes.
 37461 | Orc:2    | Bought a brass ring for 165 gold pieces
 38153 | Snake:4  | Reached skill level 10 in Armour
 38470 | Snake:4  | Got a serpentine rune of Zot
 38492 | Snake:4  | Reached XP level 20. HP: 113/113 MP: 36/36
 38862 | Vaults:1 | Entered Level 1 of the Vaults
 38927 | Vaults:1 | Reached skill level 23 in Invocations
 39152 | Vaults:1 | Found Rota's Weapon Boutique.
 39253 | Vaults:1 | Noticed Donald
 39269 | Vaults:1 | Killed Donald
 39839 | Vaults:1 | Paralysed by a sphinx for 5 turns
 40487 | Vaults:2 | Noticed Saint Roka
 40522 | Vaults:2 | Killed Saint Roka
 40748 | Vaults:2 | Found a staircase to the Crypt.
 40935 | Vaults:2 | Noticed Margery
 40969 | Vaults:2 | Killed Margery
 41102 | Vaults:2 | Reached XP level 21. HP: 85/119 MP: 33/37
 41596 | Vaults:2 | Reached skill level 24 in Invocations
 41606 | Vaults:2 | Reached skill level 10 in Evocations
 41975 | Vaults:2 | Noticed Norris
 41989 | Vaults:2 | Killed Norris
 42488 | Vaults:3 | Identified the amulet of Ogigoz {Spirit Int+6 Slay-4}
 43005 | Vaults:3 | Identified the +2 robe "Lureubri" {Dex+4}
 43005 | Vaults:3 | Noticed Boris
 43023 | Vaults:3 | Killed Boris
 43232 | Vaults:3 | Found the +4 robe of Folly {Brill Will-∞ Int+8}
 44089 | Vaults:4 | Found Nuoshrah's Antique Weapon Shop.
 44474 | Vaults:4 | Reached XP level 22. HP: 114/127 MP: 39/39
 45174 | Vaults:4 | Reached skill level 25 in Invocations
 45789 | Vaults:4 | Identified a scroll of acquirement
 46252 | Depths:1 | Entered Level 1 of the Depths
 46378 | D:15     | Acquired the +1 pair of gloves of Baj Jeeq {MP+9 Int+3
                  | Stlth+}
 46754 | Depths:1 | Found a one-way gate to the infinite horrors of the Abyss.
 47089 | Depths:1 | Found a gateway to Hell.
 47189 | Depths:1 | Found a burning altar of Makhleb.
 47318 | Depths:1 | Found a burning altar of Makhleb.
 47318 | Depths:1 | Found the +16 obsidian axe {drain, demonic, Mesm ^Drain Fly
                  | SInv}
 47887 | Depths:2 | Reached XP level 23. HP: 128/134 MP: 40/40
 48467 | Depths:2 | Found a one-way gate leading to the halls of Pandemonium.
 49049 | D:12     | Bought a potion of magic for 128 gold pieces
 49288 | Depths:3 | Found a one-way gateway to a ziggurat.
 49482 | Depths:3 | You fall into a shaft and drop 1 floor!
 49482 | Depths:4 | Entered Level 4 of the Depths
 49599 | Depths:4 | Reached skill level 26 in Invocations
 49759 | Depths:4 | Noticed Vv
 49782 | Depths:4 | Killed Vv
 49891 | Depths:4 | Found a gate to the Realm of Zot.
 49891 | Depths:4 | Identified the ring "Keofiha" {Ice +Blink Will+ Str+3
                  | Dex-3}
 49891 | Depths:4 | Noticed Josephina
 49909 | Depths:3 | Killed from afar by a frost giant

Illustrated notes

Levels and vault maps discovered:
D:1:      kilobyte_arrival_exit_the_forest, layout_loops_ring
D:2:      layout_basic
D:3:      layout_loops_ring, mainiacjoe_overflow_chevrons, lemuel_crystal_altar,
          nicolae_overflow_ecumenical_swirl, mainiacjoe_overflow_swirl,
          ebering_ecumenical_altar_petrified
D:4:      layout_layer_cave, nicolae_qazlal_eye_of_the_storm,
          old_standard_altar, overflow_temple_1_default,
          minmay_temple_entry_hall, uniq_grinder, uniq_natasha
D:5:      layout_rooms, serial_shops, nicolae_lakefront_shop, st_stairs_8,
          minmay_increasing_density
D:6:      layout_rooms, mainiacjoe_overflow_alcove_4, ebering_ghost_rock_garden
D:7:      nzn_winding_woodlands_medium [nzn_winding_woodlands_5x5_three,
          nzn_winding_woodlands_5x15_parted, nzn_winding_woodlands_hourglass,
          nzn_winding_woodlands_5x5_open_star,
          nzn_winding_woodlands_center_garden,
          nzn_winding_woodlands_5x5_checkerboard,
          nzn_winding_woodlands_5x5_perimeter, nzn_winding_woodlands_5x15_pool,
          nzn_winding_woodlands_5x5_closed_star], layout_basic,
          kiku_gazebo_pond_becter
D:8:      layout_rooms, amcnicky_altar_gilded, uniq_joseph
D:9:      layout_loops_ring, hangedman_abyss_or_decor_clamps,
          minmay_misc_feat_five
D:10:     wad_cavern_with_rooms, layout_irregular_city,
          mainiacjoe_overflow_surrounded_room, orc_david_3,
          chequers_serial_rivers_room_b
D:11:     minmay_gate_of_8, layout_loops_cross, david_lair_generic,
          grunt_decor_resistance, chequers_decorated_corner,
          doesnt_shop_hydraphobe
D:12:     layout_basic, serial_shops, nicolae_shop_back_alley_shop,
          nicolae_shop_tiny_statue_garden, nicolae_shop_tiny_real_fake_doors,
          nicolae_shop_hallway_stairs, nicolae_square_shop, drop_trap
D:13:     layout_rooms, hellmonk_vaults_order_and_chaos, uniq_rupert
D:14:     layout_basic, minmay_strange_pillars, gauntlet_entry_generic,
          kennysheep_flooded_box
D:15:     hangedman_depths_entry_try_elsewhere_first, layout_basic,
          serial_shops, shop, minmay_fountain_box, nicolae_ru_awakened_eye
Temple:   nicolae_temple_ecumenical_triangle
Lair:1:   layout_roguey, uniq_nergalle
Lair:2:   layout_gridlike, minmay_shoals_entry_lonely_mermaid,
          guppyfry_snake_entry_island, infiniplex_staircase_pool, uniq_fannar
Lair:3:   layout_cave_pods, uniq_gastronok
Lair:4:   layout_cave_pods, minmay_slime_entry_oklob_open,
          gammafunk_ghost_arena, basic_altar, uniq_nessos
Lair:5:   hangedman_lair_caniforms_friends, layout_small_grid,
          serial_bayou_shore_a, lemuel_fruit_fields
Shoals:1: layout_shoals, portal_ice_cave_entry_pillars_three
Shoals:2: layout_shoals, nicolae_shoals_beach_cooler, uniq_ilsuiw
Shoals:3: layout_shoals, ebering_ghost_reflecting_pool, nicolae_shoals_c_island,
          uniq_polyphemus
Shoals:4: shoals_end_hellmonk_storm_palace [storm_palace_center_circular,
          storm_palace_corner_reverse_hut, storm_palace_corner_pillars,
          storm_palace_corner_grid, storm_palace_corner_pillars]
Snake:1:  layout_chambers, hangedman_snake_wide_pillar_pass,
          nicolae_snake_gridmaze_squiggle, uniq_aizul
Snake:2:  layout_chambers, serial_shops, nicolae_shop_pleasant_corner_grove,
          uniq_nikola
Snake:3:  layout_chambers, abandoned_shop, grunt_megastairs_4, minmay_shoptagon
Snake:4:  snake_pit, layout_onion, drop_trap, st_stairs_12,
          nicolae_shop_i_like_small_books_too
Orc:1:    layout_caves, blackcustard_rock_pile
Orc:2:    st_orc_elflike, layout_caves, serial_shops, shop
Elf:1:    nicolae_elf_arrival_no_cutting_in_line, layout_rooms,
          hangedman_corner_corridor, uniq_azrael
Elf:2:    nicolae_elf_blades_splatter_lattice [infiniplex_blade_entry_pillars],
          layout_loops_cross
Elf:3:    elf_hall, layout_geoelf_castle, serial_shops, nicolae_square_shop,
          gammafunk_ghost_ooze, basic_altar, grunt_ministairs_9
Vaults:1: ontoclasm_vaults_loading_screen, v_misc_8,
          nicolae_vaults_offset_grid_hallway_2,
          vaults_room_grunt_arrival_checkpoint,
          nicolae_vaults_diffraction_hallways, nicolae_vaults_mini_display_case,
          hangedman_vaults_snaps, hangedman_vaults_maws, v_misc_30,
          nicolae_vaults_door_testing_chamber, v_misc_14, vaults_dpeg_ring,
          layout_vaults_big_cross, serial_shops, nicolae_shop_tiny_glass,
          uniq_donald
Vaults:2: nicolae_vaults_cornered_office, nicolae_vaults_network_star,
          minmay_crypt_entry_simple_plaza, hangedman_vaults_maws,
          hangedman_vaults_slice, hangedman_vaults_nails, vaults_dpeg_diagonal,
          nicolae_vaults_surprise_closet_hard, vaults_dpeg_emergency_exit,
          nicolae_vaults_stepped_doors, layout_vaults_chaotic_city, uniq_norris,
          uniq_margery, uniq_saint_roka
Vaults:3: v_misc_27, nicolae_vaults_storage_closets_2,
          nicolae_vaults_offset_grid_hallway_4, nicolae_vaults_what_the_h,
          nicolae_vaults_shrinking_rooms_1, nicolae_vaults_two_Ls,
          dpeg_vaults_monster_box, nicolae_vaults_sesquioval_fish,
          nicolae_vaults_double_plus_3, nicolae_vaults_diamond_1,
          layout_vaults_omnigrid, uniq_boris
Vaults:4: nicolae_vaults_trapezoid_lopsided_1, nicolae_vaults_little_squares_2,
          nicolae_vaults_offset_grid_hallway_3, grunt_vaults_twisty,
          nicolae_vaults_offset_grid_hallway_1, nicolae_vaults_circle_grid_a,
          v_rooms_1, nicolae_vaults_closet_pinwheel_4,
          nicolae_vaults_closet_pinwheel_2, vaults_mumra_hexcomb,
          nicolae_vaults_more_shelving_1, vaults_room_semicircle,
          vaults_room_pool, nicolae_vaults_gold_heap, nicolae_vaults_octagons,
          nicolae_vaults_little_squares_6, serial_library_hellmonk_semicircle,
          nicolae_vaults_double_plus_2, layout_vaults_omnibox, serial_shops,
          nicolae_shop_back_alley_shop
Depths:1: layout_cave_shapes, hellmouth_3, chequers_serial_rivers_room_b,
          regret_index_abyss_entry_earlier_magic,
          grunt_guarded_unrand_obsidian_axe
Depths:2: grunt_deathspiral_small, layout_gridlike, grunt_pan_entry_sceptre,
          abyss_entry, hell_entry
Depths:3: kennysheep_blocky_hall, layout_twisted_cross, enter_ziggurat_b,
          abyss_entry_small_statue_room, hell_entry, abandoned_shop,
          minmay_acid_items, serial_bayou_shore_b
Depths:4: evilmike_zot_entry_argh, layout_basic, nicolae_uskayaw_dance_hall,
          hangedman_tar_grid_catacomb, rand_demon_pan_entry_1, ldierk_geyser,
          brannock_xom_greatest_gift, uniq_josephina, uniq_enchantress, uniq_vv

Skill      XL: |  1  2  3  4  5  6  7  8  9 10 11 12 13 14 15 16 17 18 19 20 21 22 23 |
---------------+----------------------------------------------------------------------+-----
Fighting       | 3 4 5 6 8 10 11 13 14 15 16 17 18 19 | 19.2
Maces & Flails | 5 7 10 12 13 | 13.3
Invocations    | 2 4 8 12 14 15 17 18 20 21 22 23 24 25 26 | 26.0
Staves         | 4 9 11 | 11.3
Armour         | 3 5 7 8 10 11 12 | 12.6
Evocations     | 1 4 5 6 8 9 10 | 10.0
Dodging        | 4 5 |  5.0

Action                     |  1- 3 |  4- 6 |  7- 9 | 10-12 | 13-15 | 16-18 | 19-21 | 22-24 || total
---------------------------+-------+-------+-------+-------+-------+-------+-------+-------++-------
  Melee: Mace              |    25 |       |    10 |   566 |   147 |       |       |       ||   748
         Bite              |    18 |    61 |    99 |   275 |   308 |   354 |   516 |   322 ||  1953
         Whip              |    53 |   142 |   225 |       |       |       |       |       ||   420
         Lajatang          |       |       |       |       |   555 |   886 |  1200 |   614 ||  3255
  Throw: Dart              |       |       |       |     1 |     1 |       |     1 |       ||     3
 Invoke: Minor Destruction |       |     2 |   113 |   175 |   348 |   298 |   214 |       ||  1150
         Lesser Servant of |       |       |     1 |     2 |       |     3 |       |       ||     6
         Major Destruction |       |       |       |    17 |    25 |    62 |    72 |    49 ||   225
         Greater Servant o |       |       |       |       |     3 |    10 |     6 |     2 ||    21
  Evoke: Wand              |       |       |       |     4 |     4 |    36 |       |     1 ||    45
         Phantom mirror    |       |       |       |       |       |       |       |     1 ||     1
    Use: Scroll            |       |       |    13 |     4 |    14 |    10 |     5 |     8 ||    54
         Potion            |       |       |       |       |     2 |     4 |     1 |     3 ||    10
   Stab: Paralysed         |       |       |       |       |       |     5 |       |       ||     5
         Distracted        |       |       |       |       |       |     1 |     1 |     1 ||     3
 Armour: Robe              |    21 |       |       |       |       |       |       |       ||    21
         Leather armour    |    16 |    83 |   118 |    29 |       |       |       |       ||   246
         Scale mail        |       |       |       |    76 |       |       |       |       ||    76
         Chain mail        |       |       |       |   263 |   769 |  1155 |  1010 |   559 ||  3756
         Ring mail         |       |       |       |    32 |       |       |       |       ||    32
  Dodge: Dodged            |    44 |    76 |   128 |   164 |   302 |   477 |   473 |   202 ||  1866
  Block: Other             |       |       |       |       |       |     6 |   196 |    90 ||   292
         Reflection        |       |       |       |       |       |     4 |    27 |     4 ||    35

Table legend: (Time is in decaauts)
 A = Elapsed time spent in this place.
 B = Non-inter-level travel time spent in this place.
 C = Inter-level travel time spent in this place.
 D = Time resting spent in this place.
 E = Time spent auto-exploring this place.
 F = Levels seen in this place.
 G = Mean time per level.
                   A        B        C        D        E       F      G
               +--------+--------+--------+--------+--------+-----+--------+
         Total |  48873 |  44030 |   4843 |   4886 |  25578 |  44 | 1110.8 |
       Dungeon |  14178 |  12489 |   1689 |    504 |   9075 |  15 |  945.2 |
        Temple |     12 |     12 |      0 |      0 |      0 |   1 |   12.0 |
          Lair |   5847 |   4989 |    858 |    143 |   3513 |   5 | 1169.4 |
        Shoals |   5408 |   5039 |    369 |    757 |   2077 |   4 | 1352.0 |
     Snake Pit |   6930 |   6198 |    732 |   1100 |   2898 |   4 | 1732.5 |
  Orcish Mines |   1732 |   1459 |    273 |    176 |    844 |   2 |  866.0 |
   Elven Halls |   3438 |   3246 |    192 |    815 |   1550 |   3 | 1146.0 |
        Vaults |   7032 |   6657 |    375 |    655 |   3979 |   4 | 1758.0 |
        Depths |   3222 |   2870 |    352 |    285 |   1471 |   4 |  805.5 |
      Ice Cave |    516 |    516 |      0 |    244 |      1 |   1 |  516.0 |
      Gauntlet |    554 |    554 |      0 |    206 |    168 |   1 |  554.0 |
               +--------+--------+--------+--------+--------+-----+--------+

Top non-repeatable levels by time:
 Snake:4: 2171 daAuts
Vaults:4: 2130 daAuts
 Snake:3: 1701 daAuts
Vaults:2: 1693 daAuts
 Snake:2: 1619 daAuts
Vaults:3: 1608 daAuts
Vaults:1: 1600 daAuts
Depths:2: 1527 daAuts
   Elf:2: 1525 daAuts
Shoals:3: 1465 daAuts
 Snake:1: 1438 daAuts
Shoals:4: 1427 daAuts
Shoals:1: 1366 daAuts
     D:7: 1338 daAuts
    D:10: 1268 daAuts
